[ AOE2 MATCH · #506424087 ]
UnrankedMongols vs Hindustanis
Player's team · LOSS
[ REPLAY ANALYSIS · EXTRACTED FROM THE RECORDED GAME ]
Feudal
9:21
Castle
24:48
Imperial
—
| APM avg | 32.5 |
| APM peak | 68 |
| eAPM avg | 16.0 |
| Villagers / military | 47 / 39 |
Focus
⚔️ 31.4% · 🌾 68.6%
Camel Scout ×12 · Scout Cavalry ×12 · Archer ×8 · Steppe Lancer ×6 · Skirmisher ×1
Feudal
9:40
Castle
25:37
Imperial
—
| APM avg | 73.9 |
| APM peak | 109 |
| eAPM avg | 34.6 |
| Villagers / military | 86 / 45 |
Focus
⚔️ 29.9% · 🌾 70.1%
Militia ×17 · Camel Scout ×11 · Skirmisher ×9 · Spearman ×4 · Archer ×3 · Monk ×1
Match map
Initial resources + every placement click. Lines = walls · curves = elevation contours. ◆ gold · ⬟ stone · ● berries · ✦ relic · ◌ wall gap
Your base· Open — 4t gap
Im_16Years_Old_IamCaPte's base· Open — unwalled flank
Smoothed initial terrain · ◌ = detected wall gap · hover for details
Inputs per minute
— feraoe - - Im_16Years_Old_IamCaPte
Build order — feraoe
First 150 of 153 actions detected
| 0:05 | Queue | Villager (Male) |
| 0:06 | Queue | Villager (Male) |
| 0:06 | Queue | Villager (Male) |
| 0:07 | Build | House |
| 0:08 | Build | House |
| 0:29 | Queue | Villager (Male) |
| 1:29 | Queue | Villager (Male) |
| 2:02 | Queue | Villager (Male) |
| 2:14 | Build | Lumber Camp |
| 2:36 | Queue | Villager (Male) |
| 2:52 | Queue | Villager (Male) |
| 3:04 | Queue | Villager (Male) |
| 3:36 | Queue | Villager (Male) |
| 3:56 | Build | House |
| 4:00 | Queue | Villager (Male) |
| 4:33 | Build | Mill |
| 4:37 | Queue | Villager (Male) |
| 4:56 | Queue | Villager (Male) |
| 5:16 | Queue | Villager (Male) |
| 5:16 | Queue | Villager (Male) |
| 5:46 | Research | Loom |
| 5:50 | Queue | Villager (Male) |
| 5:52 | Research | Loom |
| 7:03 | Research | Feudal Age |
| 7:27 | Build | Mining Camp |
| 7:36 | Build | Barracks |
| 7:37 | Build | House |
| 8:27 | Build | Palisade Wall |
| 8:28 | Build | Palisade Wall |
| 8:31 | Build | Palisade Wall |
| 8:35 | Build | Palisade Wall |
| 9:02 | Build | Palisade Wall |
| 9:11 | Queue | Villager (Male) |
| 9:21 | Age | Feudal Age |
| 9:26 | Build | House |
| 9:29 | Build | Archery Range |
| 9:42 | Queue | Villager (Male) |
| 9:47 | Build | Palisade Wall |
| 10:14 | Queue | Archer |
| 10:15 | Queue | Archer |
| 10:23 | Queue | Villager (Male) |
| 10:24 | Queue | Villager (Male) |
| 10:27 | Research | Double-Bit Axe |
| 10:40 | Build | House |
| 10:55 | Build | House |
| 10:56 | Queue | Archer |
| 11:04 | Queue | Villager (Male) |
| 11:30 | Queue | Villager (Male) |
| 11:50 | Queue | Archer |
| 11:53 | Build | House |
| 12:01 | Build | Mill |
| 12:07 | Build | Blacksmith |
| 12:10 | Queue | Villager (Male) |
| 12:12 | Queue | Archer |
| 12:23 | Build | Mining Camp |
| 12:38 | Queue | Villager (Male) |
| 12:48 | Build | House |
| 12:51 | Build | Farm |
| 12:53 | Queue | Archer |
| 12:57 | Queue | Villager (Male) |
| 13:19 | Queue | Villager (Male) |
| 13:40 | Research | Fletching |
| 13:41 | Queue | Villager (Male) |
| 13:54 | Build | Farm |
| 13:56 | Build | Stable |
| 14:04 | Queue | Villager (Male) |
| 14:19 | Build | House |
| 14:27 | Queue | Villager (Male) |
| 14:27 | Queue | Villager (Male) |
| 14:46 | Research | Horse Collar |
| 14:46 | Research | Horse Collar |
| 15:13 | Queue | Archer |
| 15:21 | Build | Farm |
| 15:22 | Build | Farm |
| 15:25 | Queue | Villager (Male) |
| 15:27 | Build | Farm |
| 15:33 | Build | Farm |
| 15:35 | Build | Farm |
| 15:38 | Build | Farm |
| 15:41 | Queue | Villager (Male) |
| 15:56 | Queue | Scout Cavalry |
| 15:57 | Queue | Scout Cavalry |
| 16:17 | Queue | Archer |
| 16:22 | Build | House |
| 16:50 | Queue | Scout Cavalry |
| 17:04 | Queue | Scout Cavalry |
| 17:05 | Queue | Villager (Male) |
| 17:33 | Queue | Scout Cavalry |
| 17:41 | Queue | Villager (Male) |
| 17:50 | Research | Scale Barding Armor |
| 18:08 | Queue | Villager (Male) |
| 18:08 | Queue | Villager (Male) |
| 18:21 | Queue | Villager (Male) |
| 18:26 | Build | Farm |
| 18:27 | Build | Farm |
| 18:27 | Build | Farm |
| 18:27 | Build | Farm |
| 18:27 | Build | Farm |
| 18:27 | Build | Farm |
| 18:28 | Build | Farm |
| 18:28 | Build | Farm |
| 18:31 | Build | Farm |
| 18:33 | Build | Farm |
| 18:36 | Queue | Villager (Male) |
| 18:46 | Build | Farm |
| 18:48 | Build | Farm |
| 19:05 | Research | Wheelbarrow |
| 19:33 | Queue | Scout Cavalry |
| 19:40 | Queue | Skirmisher |
| 19:48 | Queue | Scout Cavalry |
| 19:56 | Research | Forging |
| 20:00 | Build | House |
| 20:36 | Queue | Scout Cavalry |
| 20:45 | Build | Market |
| 20:53 | Queue | Villager (Male) |
| 21:22 | Queue | Scout Cavalry |
| 21:56 | Build | Watch Tower |
| 22:02 | Queue | Scout Cavalry |
| 22:08 | Research | Castle Age |
| 23:11 | Queue | Scout Cavalry |
| 23:43 | Queue | Scout Cavalry |
| 24:48 | Age | Castle Age |
| 24:53 | Build | Stable |
| 25:02 | Queue | Villager (Male) |
| 25:09 | Queue | Steppe Lancer |
| 25:10 | Queue | Steppe Lancer |
| 25:16 | Research | Bow Saw |
| 25:21 | Queue | Steppe Lancer |
| 25:21 | Queue | Steppe Lancer |
| 25:54 | Queue | Villager (Male) |
| 25:54 | Queue | Villager (Male) |
| 25:56 | Queue | Steppe Lancer |
| 25:56 | Queue | Steppe Lancer |
| 26:28 | Build | Town Center |
| 26:47 | Queue | Villager (Male) |
| 26:47 | Queue | Villager (Male) |
| 26:48 | Queue | Villager (Male) |
| 27:26 | Queue | Camel Scout |
| 27:27 | Queue | Camel Scout |
| 28:18 | Queue | Camel Scout |
| 28:21 | Queue | Camel Scout |
| 28:22 | Queue | Camel Scout |
| 28:35 | Build | Lumber Camp |
| 28:38 | Queue | Villager (Male) |
| 28:38 | Queue | Villager (Male) |
| 28:42 | Build | Farm |
| 28:43 | Queue | Camel Scout |
| 29:00 | Queue | Camel Scout |
| 29:18 | Queue | Camel Scout |
| 29:18 | Queue | Camel Scout |
Build order — Im_16Years_Old_IamCaPte
First 150 of 225 actions detected
| 0:00 | Queue | Villager (Male) |
| 0:00 | Queue | Villager (Male) |
| 0:00 | Queue | Villager (Male) |
| 0:00 | Queue | Villager (Male) |
| 0:02 | Build | House |
| 0:02 | Build | House |
| 1:29 | Queue | Villager (Male) |
| 1:30 | Queue | Villager (Male) |
| 1:30 | Queue | Villager (Male) |
| 1:50 | Queue | Villager (Male) |
| 2:09 | Build | Lumber Camp |
| 2:31 | Queue | Villager (Male) |
| 2:43 | Queue | Villager (Male) |
| 3:08 | Queue | Villager (Male) |
| 3:08 | Queue | Villager (Male) |
| 3:35 | Queue | Villager (Male) |
| 3:35 | Queue | Villager (Male) |
| 4:04 | Queue | Villager (Male) |
| 4:04 | Queue | Villager (Male) |
| 4:09 | Build | House |
| 4:26 | Queue | Villager (Male) |
| 4:27 | Queue | Villager (Male) |
| 4:36 | Build | Mill |
| 4:47 | Queue | Villager (Male) |
| 4:48 | Queue | Villager (Male) |
| 5:29 | Build | House |
| 5:41 | Queue | Villager (Male) |
| 5:55 | Queue | Villager (Male) |
| 5:55 | Queue | Villager (Male) |
| 5:59 | Queue | Villager (Male) |
| 5:59 | Queue | Villager (Male) |
| 6:09 | Queue | Villager (Male) |
| 6:09 | Queue | Villager (Male) |
| 6:47 | Research | Loom |
| 6:56 | Build | Barracks |
| 7:20 | Research | Feudal Age |
| 7:20 | Research | Feudal Age |
| 7:31 | Queue | Militia |
| 7:52 | Queue | Militia |
| 7:53 | Queue | Militia |
| 8:12 | Queue | Militia |
| 8:38 | Queue | Militia |
| 8:41 | Build | Mining Camp |
| 8:59 | Build | House |
| 9:40 | Queue | Militia |
| 9:40 | Age | Feudal Age |
| 9:43 | Queue | Villager (Male) |
| 9:57 | Research | Man-at-Arms (upgrade) |
| 9:58 | Research | Man-at-Arms (upgrade) |
| 10:07 | Queue | Villager (Male) |
| 10:14 | Queue | Villager (Male) |
| 10:15 | Queue | Villager (Male) |
| 10:15 | Queue | Villager (Male) |
| 10:18 | Queue | Villager (Male) |
| 11:00 | Queue | Villager (Male) |
| 11:00 | Queue | Villager (Male) |
| 11:10 | Build | Watch Tower |
| 11:23 | Queue | Villager (Male) |
| 11:23 | Queue | Villager (Male) |
| 11:37 | Build | Farm |
| 11:42 | Build | Mill |
| 11:53 | Queue | Villager (Male) |
| 11:55 | Build | House |
| 11:59 | Research | Town Watch |
| 12:03 | Build | House |
| 12:04 | Build | House |
| 12:10 | Build | Market |
| 12:18 | Build | Archery Range |
| 12:21 | Queue | Militia |
| 12:24 | Research | Arson |
| 12:24 | Research | Arson |
| 12:30 | Queue | Villager (Male) |
| 12:31 | Build | Farm |
| 12:43 | Queue | Villager (Male) |
| 12:51 | Build | Blacksmith |
| 12:56 | Queue | Villager (Male) |
| 12:57 | Build | Farm |
| 13:00 | Build | Farm |
| 13:01 | Build | Farm |
| 13:13 | Build | Palisade Wall |
| 13:14 | Build | Palisade Wall |
| 13:15 | Build | Palisade Wall |
| 13:15 | Build | Palisade Wall |
| 13:21 | Queue | Skirmisher |
| 13:21 | Queue | Skirmisher |
| 13:42 | Build | Palisade Wall |
| 13:42 | Build | Palisade Wall |
| 13:43 | Build | Palisade Wall |
| 13:55 | Research | Fletching |
| 13:55 | Research | Fletching |
| 14:00 | Build | Farm |
| 14:03 | Build | Farm |
| 14:18 | Queue | Villager (Male) |
| 14:22 | Queue | Archer |
| 14:27 | Build | Mill |
| 14:38 | Queue | Skirmisher |
| 14:45 | Queue | Villager (Male) |
| 14:45 | Queue | Villager (Male) |
| 14:51 | Queue | Villager (Male) |
| 14:51 | Queue | Villager (Male) |
| 15:17 | Queue | Villager (Male) |
| 15:17 | Queue | Villager (Male) |
| 15:18 | Build | Farm |
| 15:28 | Queue | Skirmisher |
| 15:33 | Queue | Villager (Male) |
| 15:33 | Queue | Villager (Male) |
| 15:36 | Build | Palisade Wall |
| 15:37 | Build | Palisade Wall |
| 15:37 | Build | Palisade Wall |
| 15:40 | Build | Palisade Wall |
| 15:54 | Queue | Archer |
| 16:00 | Queue | Villager (Male) |
| 16:00 | Queue | Villager (Male) |
| 16:00 | Queue | Villager (Male) |
| 16:07 | Build | Palisade Wall |
| 16:15 | Queue | Skirmisher |
| 16:30 | Queue | Skirmisher |
| 16:45 | Queue | Skirmisher |
| 17:04 | Queue | Villager (Male) |
| 17:04 | Queue | Villager (Male) |
| 17:06 | Build | Farm |
| 17:33 | Queue | Militia |
| 17:45 | Research | Wheelbarrow |
| 17:45 | Research | Wheelbarrow |
| 17:48 | Build | House |
| 17:49 | Build | House |
| 17:50 | Build | House |
| 18:14 | Queue | Militia |
| 18:17 | Queue | Villager (Male) |
| 18:18 | Queue | Villager (Male) |
| 18:18 | Queue | Villager (Male) |
| 18:18 | Queue | Villager (Male) |
| 18:20 | Build | Farm |
| 18:41 | Queue | Skirmisher |
| 18:48 | Queue | Archer |
| 18:59 | Queue | Spearman |
| 19:00 | Queue | Villager (Male) |
| 19:32 | Queue | Militia |
| 19:33 | Queue | Skirmisher |
| 19:36 | Queue | Villager (Male) |
| 19:36 | Queue | Villager (Male) |
| 19:48 | Research | Scale Mail Armor |
| 20:13 | Queue | Militia |
| 20:24 | Queue | Spearman |
| 20:39 | Queue | Villager (Male) |
| 20:40 | Build | Farm |
| 20:40 | Build | Farm |
| 20:45 | Build | Lumber Camp |
| 21:15 | Queue | Militia |
| 21:26 | Queue | Villager (Male) |
Match timeline
| 6:56 | Im_16Years_Old_IamCaPte · first_building Barracks |
| 7:36 | feraoe · first_building Barracks |
| 8:27 | feraoe · wall_segment Palisade Wall x1 |
| 8:28 | feraoe · wall_segment Palisade Wall x1 |
| 8:31 | feraoe · wall_segment Palisade Wall x1 |
| 8:35 | feraoe · wall_segment Palisade Wall x1 |
| 9:02 | feraoe · wall_segment Palisade Wall x3 |
| 9:21 | feraoe · age_up feudal |
| 9:29 | feraoe · first_building Archery Range |
| 9:40 | Im_16Years_Old_IamCaPte · age_up feudal |
| 9:47 | feraoe · wall_segment Palisade Wall x1 |
| 12:18 | Im_16Years_Old_IamCaPte · first_building Archery Range |
| 13:13 | Im_16Years_Old_IamCaPte · wall_segment Palisade Wall x1 |
| 13:14 | Im_16Years_Old_IamCaPte · wall_segment Palisade Wall x1 |
| 13:15 | Im_16Years_Old_IamCaPte · wall_segment Palisade Wall x1 |
| 13:15 | Im_16Years_Old_IamCaPte · wall_segment Palisade Wall x1 |
| 13:42 | Im_16Years_Old_IamCaPte · wall_segment Palisade Wall x1 |
| 13:42 | Im_16Years_Old_IamCaPte · wall_segment Palisade Wall x1 |
| 13:43 | Im_16Years_Old_IamCaPte · wall_segment Palisade Wall x1 |
| 13:56 | feraoe · first_building Stable |
| 15:36 | Im_16Years_Old_IamCaPte · wall_segment Palisade Wall x1 |
| 15:37 | Im_16Years_Old_IamCaPte · wall_segment Palisade Wall x1 |
| 15:37 | Im_16Years_Old_IamCaPte · wall_segment Palisade Wall x1 |
| 15:40 | Im_16Years_Old_IamCaPte · wall_segment Palisade Wall x1 |
| 16:07 | Im_16Years_Old_IamCaPte · wall_segment Palisade Wall x1 |
| 21:37 | feraoe · first_market_buy 100 food |
| 21:37 | feraoe · first_market_sell 100 wood |
| 24:48 | feraoe · age_up castle |
| 24:55 | Im_16Years_Old_IamCaPte · first_building Stable |
| 25:37 | Im_16Years_Old_IamCaPte · age_up castle |
| 25:41 | Im_16Years_Old_IamCaPte · first_market_buy 100 food |
| 28:50 | Im_16Years_Old_IamCaPte · first_building Monastery |
| 29:31 | Im_16Years_Old_IamCaPte · first_market_sell 100 wood |
| 30:07 | feraoe · resign |
[ AI ANALYSIS · 1 CREDIT ]
What really happened in this match?
Wolo.gg analyzes every decision: build order, eco, micro, common mistakes by bracket. Personalized analysis on WhatsApp or Discord in 30 seconds.
Civ guide
Mongols
Perfil
Jugador #25246525